 Dungeon Crawl Stone Soup version 0.19.1-1-g22dce08 (console) character file.

2511 Kloppie the Fighter (level 9, -2/85 HPs)
             Began as a Purple Draconian Berserker on Jan 5, 2017.
             Was an Elder of Trog.
             Slain by a spriggan baker
             ... wielding a +0 dagger
              (7 damage)
             ... on level 7 of the Dungeon.
             The game lasted 00:09:27 (6875 turns).

Kloppie the Fighter (Purple Draconian Berserker)    Turns: 6875, Time: 00:09:28

Health: -2/85      AC:  9    Str: 21    XL:     9   Next: 28%
Magic:  9/9        EV: 13    Int:  9    God:    Trog [****..]
Gold:   286        SH:  0    Dex: 15    Spells: 0 memorised, 8 levels left

rFire  . . .     SeeInvis +     a - +0 falchion
rCold  . . .     Gourm    +     (armour unavailable)
rNeg   . . .     Faith    .     (no shield)
rPois  .         Spirit   .     (helmet restricted)
rElec  .         Reflect  .     p - +0 cloak
rCorr  .         Harm     .     y - +0 pair of gloves
MR     +....     Rnd*Rage +     (no boots)
Stlth  ++........               A - amulet of the gourmand
                                j - ring of stealth
                                e - ring of see invisible

@: exhausted
A: breathe power, unfitting armour, antennae 1, agile 1, berserk 2, blurry
vision 1, clever 1, cold-blooded, AC +7
a: Breathe Dispelling Energy, Berserk, Trog's Hand, Brothers in Arms, Burn
Spellbooks, Renounce Religion


You were on level 7 of the Dungeon.
You worshipped Trog.
Trog was greatly pleased with you.
You were completely stuffed.

You visited 1 branch of the dungeon, and saw 7 of its levels.
You also visited: Ossuary.

You collected 286 gold pieces.

Inventory:

Hand Weapons
 a - a +0 falchion (weapon)
Armour
 p - a +0 cloak (worn)
 y - a +0 pair of gloves (worn)
Jewellery
 e - a ring of see invisible (left hand)
 j - a ring of stealth (right hand)
 A - an amulet of the gourmand (around neck)
Wands
 q - a wand of confusion (13/48)
 w - a wand of polymorph (15/24)
Scrolls
 c - 2 scrolls of fog
 g - 5 scrolls of teleportation
 k - 2 scrolls of fear
 m - a scroll of remove curse {unknown}
 n - 2 scrolls of amnesia {unknown}
 o - 3 scrolls of magic mapping {unknown}
 s - 3 scrolls of noise {unknown}
 u - 3 scrolls of enchant weapon {unknown}
 x - a scroll of recharging {unknown}
 B - a scroll of blinking {unknown}
Potions
 i - a potion of heal wounds
 l - 2 potions of curing
 r - a potion of resistance
 z - a potion of might
Books
 t - a book of Cantrips

   Spells                             Type                      Level
   a - Confusing Touch                Hexes                        1
   b - Animate Skeleton               Necromancy                   1
   c - Summon Small Mammal            Summoning                    1
   d - Apportation                    Translocation                1
   Trog disapproves of the use of such an item.
Comestibles
 b - 10 bread rations
 d - 7 meat rations
 f - 2 beef jerkies
 h - 2 slices of pizza


   Skills:
 + Level 10.1 Fighting
 + Level 9.5 Long Blades
 - Level 2.6 Dodging


You had 8 spell levels left.
You didn't know any spells.

Dungeon Overview and Level Annotations

Branches:
Dungeon (7/15)             Temple (0/1) D:4

Altars:
Gozag
Makhleb
Okawaru
Sif Muna
Trog
Uskayaw
Xom
Yredelemnul
Zin


Innate Abilities, Weirdness & Mutations

You can breathe bolts of dispelling energy.
Your rich purple scales are hard. (AC +7)
You cannot fit into any form of body armour.
You are cold-blooded and may be slowed by cold attacks.
You have a pair of small antennae on your head.
You are agile. (Dex +2)
You often lose your temper in combat.
Scrolls take you a little longer to read.
Your mind is acute. (Int +2)


Message History

The spriggan baker is heavily wounded.
You miss the spriggan baker.
The spriggan baker is heavily wounded.
The spriggan baker barely misses you.
You riposte.
You miss the spriggan baker.
Your tail-slap misses the spriggan baker.
The spriggan baker is heavily wounded.
You hit the spriggan baker.
You tail-slap the spriggan baker, but do no damage.
The spriggan baker is severely wounded.
The spriggan baker hits you with a dagger!
* * * LOW HITPOINT WARNING * * *
You hit the spriggan baker but do no damage.
The spriggan baker is severely wounded.
The crimson imp blinks!
The spriggan baker hits you with a dagger!
* * * LOW HITPOINT WARNING * * *
You hit the spriggan baker but do no damage.
The spriggan baker is severely wounded.
The spriggan baker hits you with a dagger!
You die...

# ... .. ##.###.# .#
.#.....)## .#
...i...÷.###.###..
#.######(........#
.......†(...###.#
#######.#.......#
#i#.#####...
###########@#.# #..
........#.##### #.#
##....§.......# #.#
#...5#.#####.#
#.####....#.#
#.##........#
######...........#
....<..##........#
##.########....#.....


You could see a spriggan baker and a crimson imp.

Vanquished Creatures
  The ghost of Dolanko the Ruffian, a novice TrMo (D:4)
  A black bear (D:6)
  An ogre (D:6)
  3 centaurs
  7 elf zombies (Ossuary)
  A bullfrog (D:7)
  A wyvern zombie (D:7)
  A scorpion (D:5)
  An electric eel (D:6)
  3 howler monkeys (D:7)
  2 crimson imps (D:5)
  A bullfrog zombie (D:5)
  3 centaur zombies (Ossuary)
  4 hounds
  A jelly (D:5)
  An orc priest (D:4)
  3 orc wizards
  2 human zombies (Ossuary)
  An iguana (D:5)
  5 worker ants
  3 mummies (Ossuary)
  A worker ant zombie (D:6)
  3 gnolls (D:4)
  4 adders
  A shadow imp (D:6)
  An ooze (D:2)
  An adder skeleton (D:6)
  3 worms
  5 dart slugs
  6 leopard geckos
  14 orcs
  13 giant cockroaches
  6 goblins
  8 hobgoblins
  3 jackals (D:1)
  3 quokkas
  A ball python (D:2)
  4 bats
  6 frilled lizards
  11 kobolds
  29 rats
  A spectral orc (D:3)
170 creatures vanquished.

Notes
Turn   | Place    | Note
-------+----------+-------------------------------------------
     0 | D:1      | Kloppie the Draconian Berserker began the quest for the Orb.
     0 | D:1      | Reached XP level 1. HP: 19/19 MP: 1/1
   110 | D:1      | Reached XP level 2. HP: 24/26 MP: 2/2
   562 | D:1      | Reached XP level 3. HP: 27/33 MP: 3/3
   576 | D:1      | Reached ** piety under Trog
   661 | D:2      | Reached skill level 4 in Fighting
   982 | D:2      | Reached XP level 4. HP: 35/41 MP: 4/4
  1134 | D:2      | Reached *** piety under Trog
  1426 | D:2      | Found a shimmering altar of Xom.
  1429 | D:2      | Found a hide-covered altar of Uskayaw.
  1430 | D:2      | Found an iron altar of Okawaru.
  1434 | D:2      | Found an opulent altar of Gozag.
  1704 | D:3      | Found a basalt altar of Yredelemnul.
  1907 | D:3      | Found a deep blue altar of Sif Muna.
  2225 | D:4      | Found a glowing silver altar of Zin.
  2231 | D:4      | Found a staircase to the Ecumenical Temple.
  2264 | D:4      | Reached XP level 5. HP: 40/47 MP: 5/5
  2310 | D:4      | Reached skill level 5 in Fighting
  2315 | D:4      | Reached skill level 5 in Long Blades
  2323 | D:4      | Noticed Dolanko's ghost (novice TrMo)
  2492 | D:4      | Killed Dolanko's ghost
  2492 | D:4      | Reached skill level 6 in Fighting
  2492 | D:4      | Reached XP level 6. HP: 58/58 MP: 6/6
  2492 | D:4      | Your scales start taking on a rich purple colour.
  2492 | D:4      | Reached XP level 7. HP: 64/64 MP: 7/7
  2600 | D:4      | Reached **** piety under Trog
  3390 | D:5      | Entered Level 5 of the Dungeon
  3528 | D:5      | Reached skill level 7 in Fighting
  4257 | D:5      | Reached XP level 8. HP: 57/74 MP: 8/8
  4333 | D:5      | Reached skill level 8 in Fighting
  4637 | D:6      | Found a sand-covered staircase.
  4645 | Ossuary  | Entered an ossuary
  4893 | Ossuary  | Reached skill level 9 in Fighting
  5095 | Ossuary  | Gained mutation: Scrolls take you a little longer to read. [potion of mutation]
  5095 | Ossuary  | Gained mutation: You tend to lose your temper in combat. [potion of mutation]
  5095 | Ossuary  | Gained mutation: Your mind is acute. (Int +2) [potion of mutation]
  5096 | Ossuary  | Gained mutation: You have a pair of small antennae on your head. [potion of mutation]
  5096 | Ossuary  | Gained mutation: You are agile. (Dex +2) [potion of mutation]
  5096 | Ossuary  | Gained mutation: You often lose your temper in combat. [potion of mutation]
  5373 | D:6      | Found a bloodstained altar of Trog.
  5374 | D:6      | Found a burning altar of Makhleb.
  5455 | D:6      | HP: 2/78 [black bear (3)]
  5457 | D:6      | Reached XP level 9. HP: 4/85 MP: 9/9
  5722 | D:6      | HP: 3/85 [electric eel/bolt of electricity (12)]
  6819 | D:7      | Reached skill level 10 in Fighting
  6874 | D:7      | HP: 4/85 [spriggan baker/dagger (11)]
  6875 | D:7      | Slain by a spriggan baker

Skill      XL: |  1  2  3  4  5  6  7  8  9 |
---------------+----------------------------+-----
Fighting       | 4 6 7 9 10 | 10.1
Long Blades    | 4 6 7 9 |  9.5
Dodging        | |  2.6

Action                   |  1- 3 |  4- 6 |  7- 9 || total
-------------------------+-------+-------+-------++-------
Melee: Falchion          |   124 |   106 |   506 ||   736
       Tailslap          |    14 |    22 |    85 ||   121
Invok: Berserk           |       |     2 |     8 ||    10
       Trog's Hand       |       |       |     2 ||     2
  Use: Potion            |       |       |     9 ||     9
       Scroll            |       |       |     5 ||     5
 Stab: Sleeping          |     1 |     2 |     2 ||     5
       Distracted        |       |       |     1 ||     1
  Eat: Chunk             |     1 |     5 |    33 ||    39
Armor: Skin              |    33 |    26 |   111 ||   170
Dodge: Dodged            |    71 |    65 |   285 ||   421
       Rpst.: Falchion   |    33 |    20 |   103 ||   156
